 Dungeon Crawl Stone Soup version 0.23-a0-667-gc184e93 (console) character file.

145 Voker57 the Slasher (level 5, 0/41 HPs)
             Began as a Demonspawn Gladiator on Jan 8, 2019.
             Splashed by a jelly's acid (11 damage)
             ... on level 3 of the Dungeon.
             The game lasted 00:02:34 (2025 turns).

Voker57 the Slasher (Demonspawn Gladiator)          Turns: 2025, Time: 00:02:35

Health: 0/41       AC: -3    Str: 15    XL:     5   Next: 6%
Magic:  5/5        EV: 13    Int:  9    God:
Gold:   110        SH:  0    Dex: 15    Spells: 4/4 levels left

rFire    . . .     SeeInvis .   a - +0 long sword
rCold    . . .     Gourm    .   (no shield)
rNeg     . . .     Faith    .   b - +0 leather armour
rPois    .         Spirit   .   (helmet restricted)
rElec    .         Reflect  .   o - +0 cloak
rCorr    .         Harm     .   (no gloves)
MR       .....                  (no boots)
Stlth    +.........             (no amulet)
HPRegen  0.13/turn              (no ring)
MPRegen  0.09/turn              (no ring)

@: corroded
A: antennae 2, claws 1, powered by pain 1
a: no special abilities


You were on level 3 of the Dungeon.
You were hungry.

You visited 1 branch of the dungeon, and saw 3 of its levels.

You collected 110 gold pieces.

Inventory:

Hand Weapons
 a - a +0 long sword (weapon)
Missiles
 d - a throwing net (quivered)
Armour
 b - a +0 leather armour (worn)
 c - a +0 helmet
 o - a +0 cloak (worn)
Jewellery
 e - a +3 ring of slaying {unknown}
Scrolls
 g - 2 scrolls of enchant armour {unknown}
 h - a scroll of immolation {unknown}
 i - a scroll of fear {unknown}
 l - a scroll of blinking {unknown}
 m - a scroll of identify {unknown}
Potions
 j - a potion of flight {unknown}
 k - 2 potions of ambrosia {unknown}
 n - a potion of haste {unknown}
 p - 2 potions of curing {unknown}
Comestibles
 f - a ration


   Skills:
 + Level 3.0 Fighting
 * Level 4.0 Long Blades
 - Level 1.7 Throwing
 + Level 1.3 Armour
 + Level 3.3 Dodging


You had 4 spell levels left.
You didn't know any spells.
Your spell library contained the following spells:

 Spells                   Type           Power        Failure   Level  Hunger
 Corona                   Hex            #......      45%         1    ##.....
 Ensorcelled Hibernation  Hex/Ice        #.....       58%         2    ###....
 Confuse                  Hex            #.......     83%         3    ####...
 Dazzling Spray           Conj/Hex       #.....       83%         3    ####...
 Tukima's Dance           Hex            #.......     83%         3    ####...


Dungeon Overview and Level Annotations

Branches:
Dungeon (3/15)

Altars:
Elyvilon


Innate Abilities, Weirdness & Mutations

You have a pair of antennae on your head.
You have sharp fingernails.
You sometimes gain a little power by taking damage.


Message History

The bat hits you but does no damage.
You hit the jelly. The acid corrodes you!
Your claws burn!
The jelly is lightly wounded.
The jelly hits you.
You are splashed with acid!
The acid burns!
The jelly barely misses you.
You completely miss the jelly.
The jelly is lightly wounded.
The jelly closely misses you.
You hit the jelly. The acid corrodes you!
Your claws burn!
The jelly is moderately wounded.
The jelly hits you. The acid corrodes you!
You are splashed with acid!
The acid The bat closely misses you.
You riposte.
You miss the bat. The bat hits you. The bat misses you.
You riposte.
You closely miss the bat. The bat misses you. The bat barely misses you.
The bat closely misses you.
You riposte.
You hit the bat but do no damage. The jelly hits you.
* * * LOW HITPOINT WARNING * * *
The acid corrodes you!
You are splashed with acid!
The acid burns!
You die...

#############
##.....#.)...##
##<..(..)......##
#....@..†.......#
#....Jb.........#
#...............#
#....>..........#
#...............#
##.............##
##.....#.....##
####.####.### #.#
#.##
#.####..######


You could see a jelly and a bat.

Vanquished Creatures
  An iguana (D:2)
  Crazy Yiuf (D:2)
  2 adders (D:2)
  2 worms (D:2)
  3 dart slugs
  A leopard gecko (D:2)
  2 giant cockroaches
  7 goblins
  8 hobgoblins
  4 jackals (D:1)
  3 quokkas (D:2)
  7 bats
  5 frilled lizards
  8 kobolds
  3 rats
57 creatures vanquished.

Notes
Turn   | Place    | Note
-------+----------+-------------------------------------------
     0 | D:1      | Voker57 the Demonspawn Gladiator began the quest for the
                  | Orb.
     0 | D:1      | Reached XP level 1. HP: 16/16 MP: 1/1
   104 | D:1      | Reached skill level 3 in Long Blades
   104 | D:1      | Gained mutation: You sometimes gain a little power by
                  | taking damage. [demonic ancestry]
   104 | D:1      | Reached XP level 2. HP: 12/22 MP: 2/2
   650 | D:1      | Gained mutation: You have a pair of small antennae on your
                  | head. [demonic ancestry]
   650 | D:1      | Reached XP level 3. HP: 28/28 MP: 3/3
   857 | D:2      | Gained mutation: You have a pair of antennae on your head.
                  | [demonic ancestry]
   857 | D:2      | Reached XP level 4. HP: 12/34 MP: 4/4
  1271 | D:2      | Found a white marble altar of Elyvilon.
  1322 | D:2      | Reached skill level 1 in Armour
  1730 | D:2      | Found a runed door.
  1913 | D:2      | Noticed Crazy Yiuf
  1926 | D:2      | Killed Crazy Yiuf
  1926 | D:2      | Reached skill level 4 in Long Blades
  1926 | D:2      | Gained mutation: You have sharp fingernails. [demonic
                  | ancestry]
  1926 | D:2      | Reached XP level 5. HP: 35/40 MP: 5/5
  2025 | D:3      | Splashed by a jelly's acid

Vault maps used:
D:1:      dpeg_arrival_short_road
D:2:      wad_woods_stonehenge, serial_forest, infiniplex_forest_lined_ring,
          infiniplex_forest_corner_2, infiniplex_forest_end_2,
          infiniplex_forest_pool, infiniplex_forest_zigzag_2,
          infiniplex_forest_corner_2, infiniplex_forest_lined_2,
          infiniplex_forest_clump_medium, uniq_crazy_yiuf_cottage

Skill      XL: |  1  2  3  4  5 |
---------------+----------------+-----
Long Blades    | 3 4 |  4.0
Dodging        | 3 |  3.3
Armour         | 1 |  1.3
Fighting       | 3 |  3.0
Throwing       | |  1.7

Action                   |  1- 3 |  4- 6 || total
-------------------------+-------+-------++-------
Melee: Long sword        |    83 |    64 ||   147
Throw: Throwing net      |     1 |     4 ||     5
 Stab: Sleeping          |     2 |       ||     2
       Held in net/web   |       |     2 ||     2
  Eat: Chunk             |       |     3 ||     3
Armor: Leather armour    |    20 |     9 ||    29
Dodge: Dodged            |    57 |    41 ||    98
       Rpst.: Long sword |    16 |    11 ||    27

Table legend:
 A = Non-vault XP
 B = Vault XP
 C = Vault XP percentage of total XP
 D = Non-vault monster count
 E = Vault monster count
 F = Vault count percentage of total count
                 A         B        C        D         E       F
            +---------+---------+-------+---------+---------+-------
      Total |     147 |      61 |  29.3 |      51 |       6 |  10.5
            +---------+---------+-------+---------+---------+-------
        D:1 |      41 |       0 |   0.0 |      23 |       0 |   0.0
        D:2 |     101 |      61 |  37.7 |      25 |       6 |  19.4
        D:3 |       5 |       0 |   0.0 |       3 |       0 |   0.0
            +---------+---------+-------+---------+---------+-------
